 Dungeon Crawl Stone Soup version 0.21.1-1-g345015f (webtiles) character file.

15 letownia2 the Charmwright (level 2, 0/26 HPs)
             Began as a Gnoll Skald on Feb 26, 2018.
             Slain by a quokka (3 damage)
             ... on level 2 of the Dungeon.
             The game lasted 00:01:51 (377 turns).

letownia2 the Charmwright (Gnoll Skald)              Turns: 377, Time: 00:01:52

Health: 0/26       AC:  4    Str: 13    XL:     2   Next: 50%
Magic:  7/7        EV: 13    Int: 15    God:
Gold:   42         SH:  0    Dex: 14    Spells: 7/10 levels left

rFire    . . .     SeeInvis .   a - +0 mace
rCold    . . .     Gourm    .   (no shield)
rNeg     . . .     Faith    +   b - +0 leather armour
rPois    .         Spirit   .   (no helmet)
rElec    .         Reflect  .   (no cloak)
rCorr    .         Harm     .   g - +0 pair of gloves
MR       .....                  (no boots)
Stlth    +.........             l - amulet of faith
HPRegen  0.08/turn              (no ring)
MPRegen  0.10/turn              (no ring)

@: heavily drained
A: distributed training, fangs 1, strong nose
a: no special abilities


You were on level 2 of the Dungeon.
You were not hungry.

You visited 1 branch of the dungeon, and saw 3 of its levels.

You collected 42 gold pieces.

Inventory:

Hand Weapons
 a - a +0 mace (weapon)
Armour
 b - a +0 leather armour (worn)
 g - a +0 pair of gloves (worn)
Jewellery
 h - an uncursed amulet of harm
 l - an amulet of faith (around neck)
Scrolls
 e - a scroll of remove curse {unknown}
 i - a scroll of magic mapping {unknown}
 k - a scroll of identify {unknown}
Potions
 f - a potion of degeneration {unknown}
 j - a potion of mutation {unknown}
 m - a potion of brilliance {unknown}
 n - a potion of lignification {unknown}
 o - a potion of curing {unknown}
Books
 c - a book of Battle

   Spells                             Type                      Level
   a - Infusion                       Charms                       1
   b - Shroud of Golubria             Charms/Translocation         2
   c - Song of Slaying                Charms                       2
   d - Spectral Weapon                Hexes/Charms                 3
   e - Regeneration                   Charms/Necromancy            3
Comestibles
 d - 3 rations


   Skills:
 + Level 4.5(2.9) Fighting
 + Level 0.4(0.0) Short Blades
 + Level 0.4(0.0) Long Blades
 + Level 0.4(0.0) Axes
 + Level 4.5(2.9) Maces & Flails
 + Level 0.4(0.0) Polearms
 + Level 0.4(0.0) Staves
 + Level 0.4(0.0) Slings
 + Level 0.4(0.0) Bows
 + Level 0.4(0.0) Crossbows
 + Level 0.4(0.0) Throwing
 + Level 2.5(1.0) Armour
 + Level 4.5(2.9) Dodging
 + Level 0.4(0.0) Stealth
 + Level 0.4(0.0) Shields
 + Level 0.4(0.0) Unarmed Combat
 + Level 4.9(3.4) Spellcasting
 + Level 0.2(0.0) Conjurations
 + Level 0.2(0.0) Hexes
 + Level 5.3(3.8) Charms
 + Level 0.2(0.0) Summonings
 + Level 0.2(0.0) Necromancy
 + Level 0.2(0.0) Translocations
 + Level 0.2(0.0) Transmutations
 + Level 0.2(0.0) Fire Magic
 + Level 0.2(0.0) Ice Magic
 + Level 0.2(0.0) Air Magic
 + Level 0.2(0.0) Earth Magic
 + Level 0.2(0.0) Poison Magic
 + Level 0.5(0.0) Invocations
 + Level 0.4(0.0) Evocations


You had 7 spell levels left.
You knew the following spells:

 Your Spells              Type           Power        Failure   Level  Hunger
a - Infusion              Chrm           ##..         4%          1    None
t - Shroud of Golubria    Chrm/Tloc      #.........   17%         2    ##.....


Dungeon Overview and Level Annotations

Branches:
Dungeon (3/15)

Altars:


Innate Abilities, Weirdness & Mutations

Your experience applies equally to all skills.
You have very sharp teeth.
Your uncanny sense of smell can sniff out nearby items.


Message History

You hit the hobgoblin.
The hobgoblin is severely wounded.
The hobgoblin barely misses you. The hobgoblin closely misses you.
You hit the hobgoblin.
You kill the hobgoblin!
Items here: )) †† a club; a hand axe; a quokka corpse; an orc corpse
There is a stone staircase leading up here.
You climb upwards.
A quokka, a worm and a giant cockroach come into view.
The quokka bites you.
* * * LOW HITPOINT WARNING * * *
The quokka bites you but does no damage.
Found four items.
There is a stone staircase leading down here.
You closely miss the quokka. The quokka misses you.
You hit the quokka. Your bite misses the quokka.
The quokka is severely wounded.
The quokka bites you.
You die...

##.#... ....?.
#..... ∆ #.(#.#
##....# #...s.#
#..w.r#######
∆#@.......
$..............
......########.
...... !....
..... #### ∆


You could see a worm, a quokka and a giant cockroach.

Vanquished Creatures
  A leopard gecko (D:1)
  An orc (D:3)
  3 hobgoblins
  A kobold (D:1)
  A quokka (D:3)
  A bat (D:1)
  A frilled lizard (D:1)
  2 goblins
  A rat (D:3)
12 creatures vanquished.

Notes
Turn   | Place    | Note
-------+----------+-------------------------------------------
     0 | D:1      | letownia2 the Gnoll Skald began the quest for the Orb.
     0 | D:1      | Reached XP level 1. HP: 20/20 MP: 6/6
   265 | D:1      | Reached XP level 2. HP: 5/26 MP: 7/7
   340 | D:3      | Learned a level 2 spell: Shroud of Golubria
   377 | D:2      | Slain by a quokka

Action                   || total
-------------------------++-------
Melee: Mace              ||    47
       Bite              ||     7
 Cast: Infusion          ||     1
Armor: Leather armour    ||    10
Dodge: Dodged            ||    51
